 Dungeon Crawl Stone Soup version 0.30-a0-381-g6ea064c7b4 (webtiles) character file.

Game seed: 11599746354069513457

67 safid the Shooter (level 3, -2/45 HPs)
             Began as a Minotaur Hunter on Dec 1, 2022.
             Slain by a goblin
             ... wielding a +0 dagger
             ... led by Robin
              (5 damage)
             ... on level 2 of the Dungeon.
             The game lasted 00:02:55 (701 turns).

safid the Shooter (Minotaur Hunter)                  Turns: 701, Time: 00:02:56

Health: -2/45      AC: 21    Str: 15    XL:     3   Next: 98%
Magic:  2/2        EV:  2    Int:  6    God:
Gold:   53         SH:  0    Dex: 15    Spells: 2/2 levels left

rFire   . . .      SeeInvis .    a - +0 shortbow
rCold   . . .      Faith    .    (shield currently unavailable)
rNeg    . . .      Spirit   .    (body armour currently unavailable)
rPois   +          Reflect  .    (helmet currently unavailable)
rElec   .          Harm     .    (cloak currently unavailable)
rCorr   .          Rampage  .    (gloves currently unavailable)
Will    .....      NoTele   +    (boots currently unavailable)
Stlth   ++........               (no amulet)
HPRegen 0.27/turn                (no ring)
MPRegen 0.08/turn                (no ring)

@: tree-form
A: stationary, stasis, torment immunity, boosted hp, (horns 2), (retaliatory
headbutt)
a: no special abilities


You were on level 2 of the Dungeon.
You were a tree.
You visited 1 branch of the dungeon, and saw 2 of its levels.

You collected 53 gold pieces.

Inventory:

Hand Weapons
 a - a +0 shortbow (weapon)
Armour
 c - a +0 leather armour (melded)
Jewellery
 i - a ring of ice
Scrolls
 b - a scroll of immolation
 e - a scroll of fog {unknown}
 f - a scroll of amnesia {unknown}
 g - a scroll of teleportation {unknown}
 h - 3 scrolls of blinking {unknown}


   Skills:
 + Level 2.9 Fighting
 + Level 5.9 Ranged Weapons
 + Level 0.3 Armour
 - Level 2.1 Dodging
 - Level 0.7 Stealth


You had 2 spell levels left.
You didn't know any spells.
Your spell library was empty.

Dungeon Overview and Level Annotations

Branches:
Dungeon (2/15)

Altars:

Shops:
D:1 [

Annotations:
D:2 Robin


Innate Abilities, Weirdness & Mutations

You are a tree.
Your roots penetrate the ground, keeping you stationary.
You cannot be teleported.
You are immune to unholy pain and torment.
Your maximum health is greatly increased.
Your equipment is partially melded.
((You have a pair of horns on your head.))
((You reflexively headbutt those who attack you in melee.))


Message History

* * * LOW HITPOINT WARNING * * *
Unknown command.
Fire: a) +0 shortbow
Press: ? - help, Q - select action Shift-Dir - straight line, f/p - goblin
Aim: a goblin, wielding a +0 club (severely wounded, strong, 55% to hit)
You shoot an arrow. The arrow hits the goblin!
You kill the goblin!
Robin hits you but does no damage. The goblin hits you but does no damage.
The goblin hits you with a +0 dagger.
* * * LOW HITPOINT WARNING * * *
Fire: a) +0 shortbow
Press: ? - help, Q - select action Shift-Dir - straight line, f - goblin
Aim: a goblin, wielding a +0 dagger (strong, 55% to hit)
You shoot an arrow. The arrow closely misses the goblin.
Robin hits you but does no damage. The goblin hits you with a +0 dagger.
* * * LOW HITPOINT WARNING * * *
The goblin hits you but does no damage.
Unknown command.
Fire: a) +0 shortbow
Press: ? - help, Q - select action Shift-Dir - straight line, f/p - goblin
Aim: a goblin, wielding a +0 dagger (strong, 55% to hit)
You shoot an arrow. The arrow closely misses the goblin.
Robin throws the goblin at you!
The goblin hits you but does no damage. x3
Unknown command.
Unknown command.
Fire: a) +0 shortbow
Press: ? - help, Q - select action Shift-Dir - straight line, f/p - goblin
Aim: a goblin, wielding a +0 dagger (strong, 55% to hit)
You shoot an arrow. The arrow closely misses the goblin.
Robin roars a battlecry!
The goblin goes into a battle-frenzy!
The goblin completely misses you.
The goblin hits you but does no damage. x3
The goblin completely misses you. The goblin hits you but does no damage.
Unknown command.
Fire: a) +0 shortbow
Press: ? - help, Q - select action Shift-Dir - straight line, f/p - goblin
Aim: a goblin, wielding a +0 dagger (strong, 55% to hit)
You shoot an arrow. The arrow barely misses the goblin.
The goblin hits you but does no damage. The goblin hits you with a +0 dagger.
You die...

#.# # #.# .#
#.##### #.# #
#.#...## ##...##.#
#......###.#
#.#.##.##
#..........#
#gg......
#......###.###♣#
###......####..gg#
................†#
###......####...##
# ##.<..........#
# #.....####...#
###.### ##### #.#
#.#


You could see Robin and 3 goblins.

Vanquished Creatures
  An adder (D:2)
  2 dart slugs (D:1)
  2 ball pythons (D:2)
  2 endoplasms (D:1)
  A giant cockroach (D:2)
  9 goblins
  11 hobgoblins
  8 kobolds
  2 quokkas (D:1)
  2 bats (D:1)
  2 frilled lizards (D:1)
  4 rats
46 creatures vanquished.

Vanquished Creatures (others)
  A fungus (D:2)
1 creature vanquished.

Grand Total: 47 creatures vanquished

Notes
Turn   | Place    | Note
-------+----------+-------------------------------------------
     0 | D:1      | safid the Minotaur Hunter began the quest for the Orb.
     0 | D:1      | Reached XP level 1. HP: 18/18 MP: 0/0
    16 | D:1      | Found Rygaukuu's Armour Shop.
    66 | D:1      | Reached XP level 2. HP: 25/25 MP: 1/1
   144 | D:1      | Reached skill level 5 in Ranged Weapons
   315 | D:1      | Reached XP level 3. HP: 30/30 MP: 2/2
   590 | D:2      | Found a faded altar of an unknown god.
   681 | D:2      | Noticed Robin
   698 | D:2      | HP: 2/45 [goblin/+0 dagger[Robin] (2)]
   701 | D:2      | Slain by a goblin

Illustrated notes

Levels and vault maps discovered:
D:1:      scummos_arrival_star, layout_basic, serial_shops, shop
D:2:      layout_loops_ring, dreamdust_ecumenical_altar_grove, uniq_robin,
          uniq_crazy_yiuf_cottage

Skill      XL: |  1  2 |
---------------+-------+-----
Ranged Weapons | 5 |  5.9
Fighting       | |  2.9
Armour         | |  0.3
Dodging        | |  2.1
Stealth        | |  0.7

Action                   || total
-------------------------++-------
 Fire: Shortbow          ||   104
  Use: Potion            ||     1
Armor: Leather armour    ||    12
       Skin              ||    19
Dodge: Dodged            ||    23

Table legend: (Time is in decaauts)
 A = Elapsed time spent in this place.
 B = Non-inter-level travel time spent in this place.
 C = Inter-level travel time spent in this place.
 D = Time resting spent in this place.
 E = Time spent auto-exploring this place.
 F = Levels seen in this place.
 G = Mean time per level.
                   A        B        C        D        E       F      G
               +--------+--------+--------+--------+--------+-----+--------+
         Total |    727 |    714 |     13 |      0 |    533 |   2 |  363.5 |
       Dungeon |    727 |    714 |     13 |      0 |    533 |   2 |  363.5 |
               +--------+--------+--------+--------+--------+-----+--------+

Top non-repeatable levels by time:
     D:1: 499 daAuts
     D:2: 227 daAuts
